 Dungeon Crawl Stone Soup version 0.32-a0-898-g7811c86cf0 (webtiles) character file.

Game seed: 8810063005951932155

549 Autsider the Chiller (level 7, -2/53 HPs)
             Began as a Merfolk Ice Elementalist on Apr 4, 2024.
             Slain by an orc warrior
             ... wielding a +0 flail
              (14 damage)
             ... on level 4 of the Dungeon.
             The game lasted 00:08:28 (3259 turns).

Autsider the Chiller (Merfolk Ice Elementalist)     Turns: 3259, Time: 00:08:29

Health: -2/53      AC:  2    Str:  8    XL:     7   Next: 28%
Magic:  6/12       EV: 11    Int: 17    God:
Gold:   179        SH:  0    Dex: 14    Spells: 9/13 levels left

rFire   . . .        r - staff of cold
rCold   + . .        (no shield)
rNeg    . . .        a - +0 robe
rPois   +            (no helmet)
rElec   .            (no cloak)
rCorr   .            (no gloves)
SInv    .            (no boots)
Will    .....        (no amulet)
Stlth   ++           e - ring of poison resistance
HPRegen 0.28/turn    (no ring)
MPRegen 0.13/turn

%: no passive effects
@: freezing walls
A: (nimble swimmer 2), mertail
a: no special abilities


You were on level 4 of the Dungeon.
You visited 1 branch of the dungeon, and saw 4 of its levels.

You collected 179 gold pieces.

Inventory:

Hand Weapons
 i - a +0 spear
 s - a +2 rapier of venom
Armour
 a - a +0 robe (worn)
 t - a +2 leather armour of fire resistance
Magical Staves
 r - a staff of cold (weapon)
Jewellery
 e - a ring of poison resistance (left hand)
 j - a ring of see invisible
Wands
 k - a wand of iceblast (8)
Scrolls
 d - a scroll of teleportation {@r2}
 f - 4 scrolls of identify {@r1}
 g - a scroll of torment {unknown}
 m - a scroll of blinking {unknown}
 o - 2 scrolls of fog {unknown}
 q - 2 scrolls of enchant armour {unknown}
Potions
 b - a potion of magic
 c - a potion of brilliance
 h - a potion of curing {@q1}
 l - a potion of resistance {unknown}
 n - a potion of might {unknown}
 p - a potion of lignification {unknown}
 u - a potion of attraction {unknown}


   Skills:
 + Level 3.8 Fighting
 - Level 2.6 Dodging
 - Level 2.1 Stealth
 + Level 3.9 Spellcasting
 * Level 7.3 Ice Magic


You had 9 spell levels left.
You knew the following spells:

 Your Spells              Type           Power      Damage    Failure   Level
a - Freeze                Ice            100%       1d10      1%          1
b - Frozen Ramparts       Ice            84%        1d13      2%          3

Your spell library contained the following spells:

 Spells                   Type           Power      Damage    Failure   Level
 Ozocubu's Armour         Ice            42%        N/A       2%          3
 Summon Ice Beast         Ice/Summ       23%        N/A       11%         3


Dungeon Overview and Level Annotations

Branches:
Dungeon (4/15)
 Temple: D:4-7

Altars:
Ru

Annotations:
D:4 Edmund


Innate Abilities, Weirdness & Mutations

((You are very nimble when in or above water. (Stealth+, EV+, Speed+++)))
Your lower body shifts to a powerful aquatic tail in water.


Message History

You feel a surge of power!
You freeze the orc warrior!
The orc warrior is heavily wounded.
The wall freezes something!
Reactivating autopickup.
You feel a bit more experienced.
The wall freezes the orc!
You kill the orc!
The wall freezes the orc!
You kill the orc!
The wall freezes the orc warrior.
Casting: Freeze (safe; 1% risk of failure)
Confirm with . or Enter, or press ? or * to list all spells.
Aiming: Freeze (safe; 1% risk of failure)
Press: ? - help, Shift-Dir - straight line, f/p - orc warrior
Aim: an orc warrior, wielding a +0 flail and wearing a +0 chain mail (heavily wounded)
You feel a surge of power!
You freeze the orc warrior!
The orc warrior is almost dead.
The wall freezes the orc!
You kill the orc!
The wall freezes the orc wizard.
You kill the orc wizard!
The wall freezes the orc warrior but does no damage.
The orc warrior hits you with a +0 flail!
* * * LOW HITPOINT WARNING * * *
Hit: r) staff of cold
Press: ? - help, Dir - move target, f/p - orc warrior
Aim: an orc warrior, wielding a +0 flail and wearing a +0 chain mail (severely wounded, about 40% to evade your staff of cold)
You hit the orc warrior but do no damage.
The orc warrior is severely wounded.
The wall freezes the orc.
The wall freezes the orc warrior.
The orc warrior barely misses you.
Hit: r) staff of cold
Press: ? - help, Dir - move target, f/p - orc warrior
Aim: an orc warrior, wielding a +0 flail and wearing a +0 chain mail (almost dead, about 40% to evade your staff of cold)
You hit the orc warrior.
The orc warrior is almost dead.
The wall freezes the orc.
You kill the orc!
The wall freezes the orc warrior.
The orc warrior hits you with a +0 flail!
You die...

#.###
#...#
###.###
#...#
###.####
#....#
####
######.#
##..#
..#.ß.##o#
...##
..'.oo))@#
...#
..#(ß)####
..## ###
..# ..#
..# ..#
..# ..#


You could see an orc warrior and 2 orcs.

Vanquished Creatures
  Eustachio (D:4)
  A phantom (D:4)
  A scorpion (D:4)
  A bombardier beetle (D:4)
  2 hounds (D:4)
  4 orc wizards
  An adder (D:2)
  3 ribbon worms
  11 orcs
  A bat (D:1)
  4 endoplasms
  4 giant cockroaches
  6 goblins
  6 hobgoblins
  7 kobolds
  2 quokkas
  4 ball pythons
  4 frilled lizards
  8 rats
71 creatures vanquished.

Notes
Turn   | Place    | Note
-------+----------+-------------------------------------------
     0 | D:1      | Autsider the Merfolk Ice Elementalist began the quest for
                  | the Orb.
     0 | D:1      | Reached XP level 1. HP: 13/13 MP: 3/3
   192 | D:1      | Reached XP level 2. HP: 20/20 MP: 3/5
   394 | D:1      | Found a faded altar of an unknown god.
   691 | D:1      | Reached skill level 1 in Fighting
  1115 | D:2      | Reached XP level 3. HP: 26/26 MP: 4/6
  1119 | D:2      | Learned a level 3 spell: Frozen Ramparts
  1252 | D:2      | Found a sacrificial altar of Ru.
  1269 | D:2      | Reached skill level 5 in Ice Magic
  1723 | D:2      | You fall into a shaft and drop 2 floors!
  1725 | D:4      | Noticed Edmund
  2056 | D:3      | Reached XP level 4. HP: 33/33 MP: 3/7
  2496 | D:4      | Reached XP level 5. HP: 28/39 MP: 5/9
  2623 | D:4      | Noticed Eustachio
  2631 | D:4      | Killed Eustachio
  2632 | D:4      | Reached skill level 6 in Ice Magic
  2632 | D:4      | Reached XP level 6. HP: 42/47 MP: 1/11
  2934 | D:4      | Reached skill level 7 in Ice Magic
  3019 | D:4      | HP: 2/47 [phantom (4)]
  3023 | D:4      | Reached XP level 7. HP: 5/53 MP: 5/12
  3259 | D:4      | Slain by an orc warrior

Illustrated notes

Levels and vault maps discovered:
D:1:      nzn_arrival_water_spiral, layout_basic,
          shapermc_ecumenical_altar_totnotflames
D:2:      layout_basic, basic_altar
D:3:      layout_rooms, grunt_decor_resistance, hangedman_decor_opposing
D:4:      layout_basic, grunt_temple_overflow_gold_and_silver, enter_ossuary_2,
          pf_guarded_unrand_delatra, uniq_eustachio, uniq_edmund

Skill      XL: |  1  2  3  4  5  6 |
---------------+-------------------+-----
Fighting       | 1 2 3 |  3.8
Ice Magic      | 5 6 7 |  7.3
Spellcasting   | 3 |  3.9
Dodging        | |  2.6
Stealth        | |  2.1

Action                     |  1- 3 |  4- 6 |  7- 9 || total
---------------------------+-------+-------+-------++-------
  Melee: Unarmed           |     7 |       |       ||     7
         Spear             |    30 |       |       ||    30
         Whip              |     7 |       |       ||     7
         Staff             |     3 |    40 |    10 ||    53
   Cast: Freeze            |    42 |    32 |     3 ||    77
         Frozen Ramparts   |     4 |    11 |     1 ||    16
    Use: Scroll            |       |     2 |       ||     2
         Potion            |       |     2 |       ||     2
   Stab: Sleeping          |     2 |       |       ||     2
 Armour: Robe              |    40 |    46 |    11 ||    97
  Dodge: Dodged            |    37 |    44 |     8 ||    89

Table legend: (Time is in decaauts)
 A = Elapsed time spent in this place.
 B = Non-inter-level travel time spent in this place.
 C = Inter-level travel time spent in this place.
 D = Time resting spent in this place.
 E = Time spent auto-exploring this place.
 F = Levels seen in this place.
 G = Mean time per level.
                   A        B        C        D        E       F      G
               +--------+--------+--------+--------+--------+-----+--------+
         Total |   3263 |   3185 |     78 |     37 |   2498 |   4 |  815.8 |
       Dungeon |   3263 |   3185 |     78 |     37 |   2498 |   4 |  815.8 |
               +--------+--------+--------+--------+--------+-----+--------+

Top non-repeatable levels by time:
     D:1: 1022 daAuts
     D:4: 830 daAuts
     D:2: 739 daAuts
     D:3: 671 daAuts
